 Dungeon Crawl Stone Soup version 0.26-a0-835-g8259106e14 (webtiles) character file.

Game seed: 873786140890234961

102 2tc the Chopper (level 4, -1/39 HPs)
             Began as a Hill Orc Abyssal Knight on Nov 17, 2020.
             Was a Believer of Lugonu.
             Slain by a gnoll
             ... wielding a +0 spear
              (5 damage)
             ... on level 2 of the Dungeon.
             The game lasted 00:05:42 (2274 turns).

2tc the Chopper (Hill Orc Abyssal Knight)           Turns: 2274, Time: 00:05:42

Health: -1/39      AC:  3    Str: 14    XL:     4   Next: 78%
Magic:  5/5        EV: 11    Int: 13    God:    Lugonu [**....]
Gold:   143        SH:  0    Dex: 10    Spells: 3/3 levels left

rFire    . . .     SeeInvis .   a - +1 hand axe
rCold    . . .     Faith    .   (no shield)
rNeg     . . .     Spirit   .   b - +0 leather armour
rPois    .         Reflect  .   (no helmet)
rElec    .         Harm     .   (no cloak)
rCorr    .         Rampage  .   (no gloves)
MR       .....                  (no boots)
Stlth    +.........             (no amulet)
HPRegen  0.13/turn              (no ring)
MPRegen  0.09/turn              (no ring)

@: no status effects
A: no striking features
a: Depart the Abyss, Bend Space, Renounce Religion


You were on level 2 of the Dungeon.
You worshipped Lugonu.
Lugonu was pleased with you.
You visited 1 branch of the dungeon, and saw 2 of its levels.
You visited the Abyss 1 time.

You collected 143 gold pieces.

Inventory:

Hand Weapons
 a - a +1 hand axe (weapon)
 h - a +0 spear
Missiles
 d - 57 stones (quivered)
Armour
 b - a +0 leather armour (worn)
Scrolls
 c - 2 scrolls of teleportation
Potions
 e - 2 potions of heal wounds
 f - 2 potions of haste {unknown}
 g - 2 potions of flight {unknown}
 j - a potion of resistance {unknown}


   Skills:
 - Level 3.6 Fighting
 * Level 6.4 Axes
 - Level 2.1 Armour
 - Level 0.7 Dodging
 - Level 2.4 Invocations


You had 3 spell levels left.
You didn't know any spells.
Your spell library contained the following spells:

 Spells                   Type           Power        Failure   Level
 Confusing Touch          Hex            #.......     75%         3
 Gell's Gravitas          Tloc           #.........   75%         3
 Petrify                  Tmut/Erth      #.......     98%         4
 Metabolic Englaciation   Hex/Ice        #.........   100%        5
 Yara's Violent Unravell  Hex/Tmut       #.........   100%        5


Dungeon Overview and Level Annotations

Branches:
Dungeon (2/15)

Altars:
Ashenzari
Dithmenos
Sif Muna
Trog
Wu Jian
Xom
Yredelemnul


Message History

The gnoll barely misses you.
You see here a bat corpse.
You hit the gnoll but do no damage. The gnoll hits you with a +0 spear.
The gnoll hits you from afar with a +0 halberd!
You hit the gnoll.
The gnoll is moderately wounded.
The gnoll closely misses you.
You closely miss the gnoll.
The gnoll is moderately wounded.
The gnoll barely misses you. x2
You closely miss the gnoll.
The gnoll is moderately wounded.
The gnoll hits you but does no damage. The gnoll closely misses you.
You closely miss the gnoll.
The gnoll is moderately wounded.
The gnoll hits you with a +0 spear.
The gnoll hits you from afar with a +0 halberd!
* * * LOW HITPOINT WARNING * * *
The gnoll hits you from afar with a +0 spear.
You die...

...#.######.#..#..#.....###**,,,*
#.#.§.##...#####.....#..# *****
.#§#§#§#.##..#.......#..#
.§§§_§§..##..#.....########
##§#.#§####.....#...###...## *
.[#§§§## #.....#....#.....## *
.###.## #...######........## *
..##..#######...####........g####
................@†ggg......<.'.g.
..########.)....####.........##..
.##### ###.#.#.## ##.......##*,*
.....# #...#...## ##.....## *,*
####.# #>#####..# ##...## *,* #
#.# #...#...## ##+## *,* ####.#
###.#.######## #.# *,, ...#.#
#...#......# #.# *** ##.#.#
#...#.####.# ##.##


You could see 3 gnolls.

Vanquished Creatures
  Jessica (D:2)
  2 adders (D:2)
  An ooze (D:2)
  2 worms (D:2)
  A dart slug (D:2)
  2 leopard geckos
  A ball python (D:2)
  2 giant cockroaches (D:2)
  5 goblins
  6 hobgoblins
  7 kobolds
  3 quokkas (D:2)
  7 bats
  2 frilled lizards (D:2)
  2 rats (D:1)
44 creatures vanquished.

Vanquished Creatures (others)
  8 plants (D:2)
8 creatures vanquished.

Grand Total: 52 creatures vanquished

Notes
Turn   | Place    | Note
-------+----------+-------------------------------------------
     0 | Abyss:1  | 2tc the Hill Orc Abyssal Knight began the quest for the
                  | Orb.
     0 | Abyss:1  | Reached XP level 1. HP: 19/19 MP: 2/2
     9 | D:1      | Escaped the Abyss
    60 | D:1      | Reached skill level 3 in Axes
   276 | D:1      | Reached XP level 2. HP: 26/26 MP: 3/3
   374 | D:1      | Reached skill level 4 in Axes
   851 | D:2      | Found a broken altar of Ashenzari.
   870 | D:2      | Noticed Jessica
   876 | D:2      | Reached ** piety under Lugonu
   880 | D:2      | Killed Jessica
   881 | D:2      | Reached skill level 5 in Axes
   881 | D:2      | Reached XP level 3. HP: 19/31 MP: 4/4
  1037 | D:2      | Found a snail-covered altar of Cheibriados.
  1039 | D:2      | Found a shimmering blue altar of Sif Muna.
  1039 | D:2      | Found a basalt altar of Yredelemnul.
  1041 | D:2      | Found an ornate altar of the Wu Jian Council.
  1041 | D:2      | Found a shimmering altar of Xom.
  1041 | D:2      | Found a bloodstained altar of Trog.
  1091 | D:2      | Reached XP level 4. HP: 32/39 MP: 5/5
  1261 | D:2      | Found a shadowy altar of Dithmenos.
  1295 | D:2      | Reached skill level 6 in Axes
  2274 | D:2      | Slain by a gnoll

Illustrated notes

Levels and vault maps discovered:
D:1:      matt_arrival_diagonals, layout_basic, chequers_serial_rivers_large_a
D:2:      layout_loops_corners, lemuel_round_altar, doesnt_xom_only_xom,
          grunt_dithmenos_smoke_and_mirrors, hangedman_decor_push,
          serial_bayou_pond_b, kennysheep_jessica_study

Skill      XL: |  1  2  3  4 |
---------------+-------------+-----
Axes           | 3 5 6 |  6.4
Fighting       | |  3.6
Armour         | |  2.1
Dodging        | |  0.7
Invocations    | |  2.4

Action                   |  1- 3 |  4- 6 || total
-------------------------+-------+-------++-------
Melee: Hand axe          |    71 |    84 ||   155
       Spear             |    18 |       ||    18
Throw: Stone             |     2 |     3 ||     5
  Use: Scroll            |     5 |     3 ||     8
Armor: Leather armour    |    23 |    19 ||    42
Dodge: Dodged            |    51 |    57 ||   108

Table legend: (Time is in decaauts)
 A = Elapsed time spent in this place.
 B = Non-inter-level travel time spent in this place.
 C = Inter-level travel time spent in this place.
 D = Time resting spent in this place.
 E = Time spent auto-exploring this place.
 F = Levels seen in this place.
 G = Mean time per level.
                   A        B        C        D        E       F      G
               +--------+--------+--------+--------+--------+-----+--------+
         Total |   2293 |   2270 |     23 |    741 |   1089 |   3 |  764.3 |
       Dungeon |   2284 |   2261 |     23 |    741 |   1086 |   2 | 1142.0 |
         Abyss |      9 |      9 |      0 |      0 |      3 |   1 |    9.0 |
               +--------+--------+--------+--------+--------+-----+--------+

Top non-repeatable levels by time:
     D:2: 1494 daAuts
     D:1: 790 daAuts
 Abyss:1: 9 daAuts
